 Dungeon Crawl Stone Soup version 0.28-a0-1227-ga9037bb4c8 (webtiles) character file.

Game seed: 7189856668166920041

299 ChaosChampion the Insei (level 6, -5/42 HPs)
             Began as an Octopode Transmuter on Dec 22, 2021.
             Slain by a kobold brigand (7 damage)
             ... in a sewer.
             The game lasted 00:06:03 (5301 turns).

ChaosChampion the Insei (Octopode Transmuter)       Turns: 5301, Time: 00:06:04

Health: -5/42      AC:  1    Str: 10    XL:     6   Next: 36%
Magic:  3/8        EV: 14    Int: 17    God:
Gold:   53         SH:  0    Dex: 12    Spells: 3/9 levels left

rFire   + . .      SeeInvis .     - Unarmed
rCold   + . .      Faith    .   (no shield)
rNeg    . . .      Spirit   .   (helmet restricted)
rPois   +          Reflect  .   (no amulet)
rElec   +          Harm     .   (no ring)
rCorr   +          Rampage  .   (no ring)
Will    .....      Rage     1%  (no ring)
Stlth   +++.......              (no ring)
HPRegen 0.14/turn               (no ring)
MPRegen 0.11/turn               (no ring)
                                (no ring)
                                (no ring)

@: mighty, brilliant, resistant, slightly contaminated, slowed, unable to read,
very slow
A: almost no armour, amphibious, 8 rings, camouflage 1, gelatinous body 1,
nimble swimmer 1, tentacles, berserk 1, low mp 1, inability to read while
threatened
a: no special abilities


You were in a sewer.
You visited 1 branch of the dungeon, and saw 3 of its levels.
You also visited: Sewer.

You collected 53 gold pieces.

Inventory:

Jewellery
 c - a +4 ring of evasion
Scrolls
 a - 2 scrolls of identify
 g - a scroll of teleportation
Potions
 d - 3 potions of ambrosia
 e - a potion of might


   Skills:
 + Level 3.1 Fighting
 + Level 3.6 Dodging
 * Level 5.3 Unarmed Combat
 - Level 2.0 Spellcasting
 - Level 2.0 Transmutations


You had 3 spell levels left.
You knew the following spells:

 Your Spells              Type           Power      Damage    Failure   Level
a - Beastly Appendage     Tmut           24%        N/A       9%          1
b - Wereblood             Tmut           12%        N/A       13%         2
c - Spider Form           Tmut/Pois      7%         N/A       36%         3

Your spell library contained the following spells:

 Spells                   Type           Power      Damage    Failure   Level
 Ensorcelled Hibernation  Hex/Ice        4%         N/A       28%         2
 Summon Guardian Golem    Hex/Summ       2%         N/A       50%         3
 Tukima's Dance           Hex            2%         N/A       50%         3
 Ice Form                 Ice/Tmut       7%         N/A       77%         4
 Orb of Destruction       Conj           1%         N/A       100%        7
 Spellforged Servitor     Conj/Summ      1%         N/A       100%        7


Dungeon Overview and Level Annotations

Branches:
Dungeon (3/15)              Sewer (1/1)

Altars:

Shops:
D:2 !


Innate Abilities, Weirdness & Mutations

You cannot wear most types of armour.
You are amphibious.
You can wear up to eight rings at the same time.
Your skin changes colour to match your surroundings (Stealth+).
Your rubbery body absorbs attacks. (AC +1, EV +1)
You are camouflaged when in or above water. (Stealth+)
You have tentacles for arms and can constrict up to eight enemies at once.
You tend to lose your temper in combat.
Your magical capacity is low. (-10% MP)
You sometimes lose the ability to read scrolls when taking damage.


Message History

* * * LOW HITPOINT WARNING * * *
You feel very sick.
Your body shudders with the violent release of wild energies!
You feel a little pissed off.
It was a potion of brilliance.
You feel clever all of a sudden.
You feel very sick.
The kobold brigand throws a curare-tipped dart.
The curare-tipped dart misses you.
It was a potion of resistance.
You feel protected.
You feel sick.
You completely miss the kobold. Your grab misses the kobold.
The kobold is severely wounded.
You feel sick. The kobold closely misses you.
The kobold hits you with a +0 dagger.
* * * LOW HITPOINT WARNING * * *
You tentacle-slap the kobold but do no damage.
Your grab misses the kobold.
The kobold is severely wounded.
* * * LOW HITPOINT WARNING * * *
You feel sick. The kobold closely misses you.
You tentacle-slap the kobold.
You kill the kobold!
You hear a splash.
* * * LOW HITPOINT WARNING * * *
You feel sick.
You are no longer poisoned.
As you read the scroll labelled MOMYCAZ KYELURUEH, it crumbles to dust.
You hear a loud clanging noise!
It was a scroll of noise.
Your body shudders with the violent release of wild energies!
You lose the ability to read scrolls when threatened.
You feel less contaminated with magical energies.
You feel very mighty all of a sudden.
The kobold brigand throws a curare-tipped dart.
The curare-tipped dart hits you.
The kobold brigand hits you with a +0 short sword!
You feel threatened and lose the ability to read scrolls!
You die...

######### #...#≈≈≈#
#∩∩.#≈≈≈# #...'≈≈≈#
######≈≈≈######
#....#≈≈)#?...#
#..∩.#K@≈#.∩..#
#....#≈≈≈#...?#
#....#≈≈≈#...!#
##))##≈≈≈##''###
#.)..#≈≈≈#.....###
###...P#≈≈≈#.......#
#....≈≈≈≈≈≈#.......#
##...P≈≈≈≈≈#.......#
##...≈P#≈≈≈#P..††..#


You could see a kobold brigand.

Vanquished Creatures
  A kobold brigand (Sewer)
  Terence (D:1)
  Crazy Yiuf (D:2)
  Natasha (thrice) (D:2)
  3 adders
  3 dart slugs
  5 orcs (D:3)
  7 ball pythons
  4 endoplasms
  4 giant cockroaches
  5 goblins
  2 hobgoblins
  3 jackals (D:1)
  4 quokkas
  5 bats
  9 frilled lizards
  6 kobolds
  6 rats
72 creatures vanquished.

Vanquished Creatures (others)
  3 plants
3 creatures vanquished.

Grand Total: 75 creatures vanquished

Notes
Turn   | Place    | Note
-------+----------+-------------------------------------------
     0 | D:1      | ChaosChampion the Octopode Transmuter began the quest for
                  | the Orb.
     0 | D:1      | Reached XP level 1. HP: 13/13 MP: 3/3
   370 | D:1      | Reached XP level 2. HP: 7/18 MP: 5/5
   976 | D:1      | Learned a level 2 spell: Wereblood
  1056 | D:1      | Reached XP level 3. HP: 23/23 MP: 2/6
  1586 | D:2      | Found Jiuciul's Distillery.
  1753 | D:2      | Found a runed translucent door.
  1754 | D:2      | Noticed Crazy Yiuf
  2221 | D:2      | Noticed Terence
  2331 | D:2      | Learned a level 3 spell: Spider Form
  2353 | D:1      | Killed Terence
  2354 | D:1      | Reached skill level 4 in Unarmed Combat
  2354 | D:1      | Reached XP level 4. HP: 8/29 MP: 3/7
  2688 | D:2      | Noticed Natasha
  2699 | D:2      | Killed Natasha
  3048 | D:2      | Noticed Natasha
  3058 | D:2      | Killed Natasha
  3059 | D:2      | Reached XP level 5. HP: 19/35 MP: 1/8
  3414 | D:2      | Killed Crazy Yiuf
  3842 | D:2      | Found Jiuciul's Distillery.
  4058 | D:2      | Noticed Natasha
  4065 | D:2      | Killed Natasha
  4699 | D:3      | Found a glowing drain.
  4708 | D:3      | Reached skill level 5 in Unarmed Combat
  4714 | Sewer    | Entered a sewer
  4738 | Sewer    | Noticed a kobold brigand
  4748 | Sewer    | Killed a kobold brigand
  4749 | Sewer    | Reached XP level 6. HP: 13/42 MP: 5/9
  4754 | Sewer    | HP: 1/42 [kobold (5)]
  5285 | Sewer    | Gained mutation: Your magical capacity is low. (-10% MP)
                  | [mutagenic glow]
  5293 | Sewer    | Gained mutation: You tend to lose your temper in combat.
                  | [mutagenic glow]
  5298 | Sewer    | HP: 1/42 [poisoned by a kobold brigand (curare-tipped
                  | dart)]
  5299 | Sewer    | Gained mutation: You sometimes lose the ability to read
                  | scrolls when taking damage. [mutagenic glow]
  5301 | Sewer    | Slain by a kobold brigand

Illustrated notes

Levels and vault maps discovered:
D:1:      dpeg_arrival_long_road, layout_basic
D:2:      layout_basic, serial_shops, nicolae_shop_advertising_works
          [nicolae_subvault_shop_adworks], uniq_natasha,
          uniq_crazy_yiuf_cottage, uniq_terence
D:3:      layout_loops_ring, portal_sewer_entry_d, chequers_big_river
Sewer:    kennysheep_pipe_town

Skill      XL: |  1  2  3  4  5 |
---------------+----------------+-----
Fighting       | 2 3 |  3.1
Unarmed Combat | 4 5 |  5.3
Dodging        | 3 |  3.6
Spellcasting   | |  2.0
Transmutations | |  2.0

Action                   |  1- 3 |  4- 6 || total
-------------------------+-------+-------++-------
Melee: Unarmed           |   103 |    99 ||   202
       Constrict         |    25 |    14 ||    39
       Tentacles         |    13 |     4 ||    17
       Kick              |     6 |       ||     6
       Punch             |     1 |     1 ||     2
 Cast: Beastly Appendage |    12 |       ||    12
       Wereblood         |     4 |     3 ||     7
       Spider Form       |     1 |     6 ||     7
  Use: Scroll            |       |     7 ||     7
       Potion            |       |     3 ||     3
 Stab: Sleeping          |     3 |     1 ||     4
       Distracted        |     1 |       ||     1
Armor: Skin              |    12 |     8 ||    20
Dodge: Dodged            |    74 |    83 ||   157

Table legend: (Time is in decaauts)
 A = Elapsed time spent in this place.
 B = Non-inter-level travel time spent in this place.
 C = Inter-level travel time spent in this place.
 D = Time resting spent in this place.
 E = Time spent auto-exploring this place.
 F = Levels seen in this place.
 G = Mean time per level.
                   A        B        C        D        E       F      G
               +--------+--------+--------+--------+--------+-----+--------+
         Total |   5304 |   5243 |     61 |   1916 |   2271 |   4 | 1326.0 |
       Dungeon |   4711 |   4650 |     61 |   1562 |   2181 |   3 | 1570.3 |
         Sewer |    593 |    593 |      0 |    354 |     90 |   1 |  593.0 |
               +--------+--------+--------+--------+--------+-----+--------+

Top non-repeatable levels by time:
     D:2: 2360 daAuts
     D:1: 1879 daAuts
   Sewer: 593 daAuts
     D:3: 470 daAuts
